Map: Coda LE (Void)

Players

MaSa

  • Race: Protoss Protoss

lIlIlIlIlI (Nina)

  • Race: Protoss Protoss

Kelazhur - Winner!

  • Race: Zerg Zerg

JonSnow - Winner!

  • Race: Zerg Zerg

Event: Team Gravity's Fight Night #13

VOD

https://www.youtube.com/watch?v=8zqqsS00DPA&list=PL_BOlLcv8KbhFbvTakl6AYJq-DW01oMw_

Description

Time

  • Played on: April 5, 2015, 6:23 p.m.
  • Length: 9:01

All games in this series

Show
View Real Time Build Order
Export as new Build Order

MaSa Protoss 

Build Orders:  

Get SALT Encoding   

  12  0:00  Probe  
  14  0:17  Pylon  
  14  0:18  Probe  
  14  0:30  Probe  
  15  0:37  Gateway  
  15  0:40  Probe  
  16  0:54  Probe  
  16  0:55  Assimilator  
  17  1:01  Assimilator  
  17  1:02  Probe  
  18  1:11  Probe  
  18  1:16  Pylon  
  19  1:23  Probe  
  20  1:27  Cybernetics Core  
  20  1:32  Probe  
  21  1:41  Probe  
  22  1:53  Probe  
  23  2:05  Mothership Core  
  23  2:07  Robotics Facility  
  25  2:29  Nexus  
  25  2:33  Probe  
  26  2:38  Warp Gate  
  26  2:47  Probe  
  27  2:54  Robotics Bay  
  27  2:59  Probe  
  28  3:07  Pylon  
  28  3:11  Warp Prism  
  30  3:26  Forge  
  30  3:28  Probe  
  31  3:34  Zealot  
  31  3:40  Disruptor  
  31  3:41  Probe  
  37  3:49  Probe  
  37  3:53  Probe  
  39  4:01  Gravitic Drive  
  39  4:03  Probe  
  39  4:07  Probe  
  41  4:17  Probe, Disruptor  
  41  4:18  Photon Cannon  
  41  4:19  Probe  
  43  4:25  Probe  
  43  4:28  Probe, Assimilator x2  
  45  4:37  Probe  
  45  4:38  Protoss Ground Weapons Level 1  
  46  4:40  Probe  
  46  4:45  Gateway  
  47  4:49  Probe  
  47  4:50  Probe  
  49  4:55  Disruptor, Pylon  
  49  4:57  Probe  
  49  4:58  Probe  
  49  5:06  Probe  
  55  5:15  Disruptor  
  55  5:17  Disruptor, Pylon  
  55  5:18  Pylon  
  55  5:19  Pylon  
  54  5:24  Disruptor  
  48  5:34  Sentry  
  42  5:35  Pylon  
  42  5:36  Probe  
  42  5:39  Disruptor  
  43  5:49  Probe, Zealot  
  42  5:51  Disruptor  
  41  6:01  Probe  
  42  6:06  Gateway, Disruptor  
  37  6:13  Probe  
  38  6:21  Disruptor  
  36  6:28  Probe  
  35  6:35  Disruptor  
  35  6:37  Disruptor, Pylon  
  35  6:38  Disruptor  
  38  6:43  Disruptor  
  38  6:55  Pylon  
  38  6:58  Pylon  
  38  6:59  Pylon  
  38  7:01  Disruptor  
  38  7:13  Probe  
  39  7:16  Disruptor x2  
  39  7:18  Zealot x2  
  40  7:23  Probe  
  41  7:31  Probe  
  38  7:40  Disruptor x2  
  38  7:42  Probe  
  37  7:54  Probe  
  38  8:03  Nexus  
  38  8:04  Sentry  
  40  8:08  Disruptor x2  
  40  8:10  Disruptor  
  40  8:20  Disruptor  
  41  8:40  Probe  
Show
View Real Time Build Order
Export as new Build Order

lIlIlIlIlI Protoss 

Build Orders:  

Get SALT Encoding   

  12  0:01  Drone  
  13  0:13  Overlord  
  13  0:20  Drone  
  14  0:31  Drone x2  
  14  0:34  Drone  
  17  0:53  Hatchery  
  16  0:58  Drone  
  16  1:04  Extractor  
  16  1:08  Drone  
  17  1:16  Spawning Pool  
  16  1:20  Drone  
  16  1:23  Drone  
  18  1:33  Overlord  
  18  1:43  Drone  
  19  2:04  Queen x2  
  19  2:06  Drone x2  
  25  2:11  Zergling x2  
  26  2:18  Metabolic Boost  
  26  2:19  Drone  
  27  2:24  Drone  
  28  2:32  Overlord  
  28  2:34  Drone x2  
  30  2:39  Drone  
  30  2:43  Queen  
  33  2:46  Drone  
  33  2:50  Overlord  
  34  2:56  Drone  
  35  2:59  Drone  
  35  3:04  Drone, Extractor  
  36  3:07  Roach Warren  
  35  3:13  Drone x4  
  35  3:19  Extractor  
  38  3:20  Drone x2  
  38  3:23  Drone  
  41  3:27  Overlord  
  41  3:29  Drone  
  41  3:31  Drone  
  43  3:35  Overlord  
  43  3:50  Roach x4  
  43  3:51  Roach  
  43  3:54  Roach  
  55  3:58  Roach  
  55  4:01  Roach  
  59  4:05  Overlord  
  58  4:11  Roach x2  
  58  4:12  Ravager  
  58  4:13  Ravager  
  64  4:18  Ravager  
  64  4:21  Overlord x2  
  65  4:34  Zergling x10  
  65  4:35  Zergling x4  
  65  4:36  Zergling x2  
  73  4:41  Ravager  
  73  4:42  Ravager  
  73  4:44  Zergling x4  
  77  4:55  Drone x3  
  77  4:56  Drone x2  
  76  5:02  Zergling x6  
  76  5:03  Zergling x2  
  80  5:10  Zergling x4  
  78  5:16  Zergling x2  
  78  5:22  Zergling x2  
  78  5:27  Roach  
  78  5:28  Roach x3  
  86  5:30  Zergling x4  
  71  5:36  Lair  
  71  5:38  Drone  
  72  5:44  Drone  
  72  5:48  Hatchery, Drone  
  73  5:52  Evolution Chamber  
  66  6:02  Roach x4  
  68  6:18  Roach x5  
  77  6:19  Roach  
  77  6:23  Zerg Missile Weapons Level 1  
  75  6:28  Drone  
  75  6:29  Drone  
  75  6:30  Drone  
  73  6:35  Ravager  
  73  6:37  Glial Reconstitution  
  74  6:40  Burrow  
  74  6:43  Drone x2  
  74  6:44  Drone x2  
  74  6:51  Drone x4  
  75  7:01  Queen  
  75  7:03  Roach x2  
  79  7:10  Roach x2  
  79  7:12  Zergling x2  
  80  7:18  Extractor  
  80  7:19  Drone x2  
  80  7:20  Hydralisk Den  
  70  7:23  Roach  
  70  7:24  Zergling x2  
  70  7:29  Roach  
  77  7:30  Roach  
  77  7:33  Roach x2  
  77  7:36  Overlord  
  71  7:58  Hydralisk  
  71  7:59  Hydralisk x4  
  81  8:06  Drone x2  
  81  8:07  Drone  
  84  8:13  Roach x9  
  84  8:19  Drone x7  
  85  8:27  Roach  
  85  8:30  Roach  
  88  8:35  Roach x2  
  88  8:37  Drone x2  
  88  8:38  Drone x2  
  95  8:47  Drone x3  
Show
View Real Time Build Order
Export as new Build Order

Kelazhur Zerg - Winner!

Build Orders:  

Get SALT Encoding   

Show
View Real Time Build Order
Export as new Build Order

JonSnow Zerg - Winner!

Build Orders:  

Get SALT Encoding   


Tags
 
Add a new tag
Caveats
  • Supply blocks, unpowered buildings, or Contaminate may cause inaccurate times.
  • Supply counts are checked every 10 seconds.